 Dungeon Crawl Stone Soup version 0.30-a0-845-g7c6808c8ce (webtiles) character file.

Game seed: 11949987434130111881

15519 qeuew the Cleaver (level 12, 0/106 HPs)
             Began as a Minotaur Fighter on Mar 2, 2023.
             Was an Initiate of Gozag.
             Engulfed by a fire crab's flame (33 damage)
             ... on level 11 of the Dungeon.
             The game lasted 00:11:53 (9386 turns).

qeuew the Cleaver (Minotaur Fighter)                Turns: 9386, Time: 00:11:54

Health: 0/106      AC: 17    Str: 20 (22) XL:     12   Next: 1%
Magic:  11/11      EV:  8    Int:  1      God:    Gozag
Gold:   1835       SH: 26    Dex: 13 (14) Spells: 11/11 levels left

rFire   . . .      SeeInvis .    a - +1 war axe (drain)
rCold   + + .      Faith    .    b - +10 tower shield of Ignorance {rN+ Int-4}
rNeg    + . .      Spirit   .    w - +2 chain mail {rC+}
rPois   .          Reflect  .    (helmet restricted)
rElec   .          Rampage  .    (no cloak)
rCorr   .                        i - +2 pair of gloves
Will    +....                    (no boots) Stlth
                                 f - amulet of regeneration
HPRegen 1.17/turn                p - ring of willpower
MPRegen 0.12/turn                q - ring of protection from cold

@: slowed, lost intelligence, unable to read, very slow
A: horns 2, retaliatory headbutt
a: Renounce Religion, Potion Petition, Call Merchant, Bribe Branch


You were on level 11 of the Dungeon.
You worshipped Gozag.
Gozag was most pleased with you.
You visited 2 branches of the dungeon, and saw 12 of its levels.

You collected 1909 gold pieces.
You paid 74 gold pieces to Gozag.

Inventory:

Hand Weapons
 a - a +1 war axe of draining (weapon)
Armour
 b - the +10 tower shield of Ignorance (worn) {rN+ Int-4}
   (You found it on level 9 of the Dungeon)

   Int:       It affects your intelligence (-4).
   rN:        It protects you from negative energy.
 i - a +2 pair of gloves (worn)
 w - a +2 chain mail of cold resistance (worn)
Jewellery
 f - an amulet of regeneration (around neck)
 p - a ring of willpower (left hand)
 q - a ring of protection from cold (right hand)
Wands
 e - a wand of flame (2)
 g - a wand of roots (9)
Scrolls
 c - a scroll of fog
 j - a scroll of fear
 k - a scroll of enchant weapon
 o - a scroll of blinking
 s - 2 scrolls of silence
 t - a scroll of enchant armour
 v - 3 scrolls of teleportation
Potions
 d - a potion of haste
 h - 5 potions of curing
 m - 2 potions of heal wounds
 r - a potion of magic
Miscellaneous
 l - a condenser vane


   Skills:
 + Level 10.1 Fighting
 * Level 13.5 Axes
 * Level 10.7 Armour
 + Level 8.5 Dodging
 + Level 10.1 Shields
 + Level 2.4 Evocations


You had 11 spell levels left.
You didn't know any spells.
Your spell library contained the following spells:

 Spells                   Type           Power      Damage    Failure   Level
 Apportation              Tloc           0%         N/A       100%        1
 Magic Dart               Conj           0%         1d3       100%        1
 Slow                     Hex            0%         N/A       100%        1
 Sting                    Tmut/Pois      0%         1d3       100%        1
 Lesser Beckoning         Tloc           0%         N/A       100%        2
 Poisonous Vapours        Pois/Air       0%         N/A       100%        2
 Searing Ray              Conj           0%         2d4       100%        2
 Confusing Touch          Hex            0%         N/A       100%        3
 Gell's Gravitas          Tloc           0%         N/A       100%        3
 Teleport Other           Tloc           0%         N/A       100%        3
 Vampiric Draining        Necr           0%         2d6       100%        3
 Vhi's Electric Charge    Tloc/Air       0%         N/A       100%        3
 Fulminant Prism          Conj/Hex       0%         3d5       100%        4
 Olgreb's Toxic Radiance  Pois           0%         N/A       100%        4
 Alistair's Intoxication  Tmut/Pois      0%         N/A       100%        5
 Arcjolt                  Conj/Air       0%         1d10      100%        5
 Ozocubu's Refrigeration  Ice            0%         4d7       100%        7
 Ignition                 Fire           0%         3d3       100%        8
 Maxwell's Capacitive Co  Air            0%         ∞         100%        8
 Chain Lightning          Conj/Air       0%         N/A       100%        9
 Fire Storm               Conj/Fire      0%         5d1       100%        9
 Shatter                  Erth           0%         3d5*      100%        9


Dungeon Overview and Level Annotations

Branches:
Dungeon (11/15)            Temple (1/1) D:5            Lair (0/5) D:11
    Orc (0/2) D:11

Altars:
Ashenzari
Cheibriados
Dithmenos
Elyvilon
Fedhas
Gozag
Hepliaklqana
Kikubaaqudgha
Makhleb
Nemelex Xobeh
Okawaru
Qazlal
Ru
Sif Muna
Trog
Uskayaw
Vehumet
Wu Jian
Xom
Yredelemnul
Zin
The Shining One

Shops:
D:3 (:   D:5 =

Annotations:
D:8 2 runed translucent doors
D:9 1 runed translucent door, exclusion: 4 orange crystal statues
Temple 2 transporters


Innate Abilities, Weirdness & Mutations

You have a pair of horns on your head.
You reflexively headbutt those who attack you in melee.


Message History

The fire crab is heavily wounded.
The fire crab breathes flames at you.
The blast of flame engulfs you but does no damage.
You block the fire crab's attack. x2
You slash the fire crab! You drain the fire crab.
The fire crab is severely wounded.
You are engulfed in blazing flames.
* * * LOW HITPOINT WARNING * * *
The fire crab breathes flames at you.
The blast of flame engulfs you but does no damage.
You are too injured to fight recklessly!
You are too injured to fight recklessly!
You are too injured to fight recklessly!
You are too injured to fight recklessly!
You are too injured to fight recklessly!
You are too injured to fight recklessly!
You are too injured to fight recklessly!
You are too injured to fight recklessly!
You are too injured to fight recklessly!
You are too injured to fight recklessly!
You are too injured to fight recklessly!
You are too injured to fight recklessly!
Unknown command.
You hit the fire crab but do no damage. You drain the fire crab.
Your headbutt misses the fire crab.
The fire crab is almost dead.
You are engulfed in blazing flames.
* * * LOW HITPOINT WARNING * * *
You block the fire crab's attack. The fire crab closely misses you.
You block the fire crab's attack.
The fire crab claws you but does no damage.
You feel much better. The fire crab breathes flames at you.
The blast of flame engulfs you but does no damage.
You barely miss the fire crab.
You headbutt the fire crab, but do no damage.
The fire crab is almost dead.
You are engulfed in blazing flames.
You die...
Your body crumbles into a pile of gold.

#.# ..# #.# ### ... ... #.##
.° #..# #°###°.# #°t@°°.#
###°##.# ## #°##.# $ .#
#°##.#### ###### .#
#.##.##>######
.....####.######>##.........#
##.#.#...........##...#####.#
...#.....§§≈≈§...##...# ##.##
.#####...≈≈≈≈.≈..##..##
##...###.


You could see a fire crab (very drained).

Vanquished Creatures
  5 two-headed ogres
  A centaur warrior (D:8)
  Pikel (D:9)
  A deep elf pyromancer (D:8)
  2 manticores
  An ugly thing (D:10)
  Maggie (D:6)
  A yaktaur (shapeshifter) (D:8)
  An unseen horror (D:8)
  Grinder (D:3)
  2 trolls
  2 hornets
  2 slime creatures (D:6)
  2 shadows
  4 yaks (D:9)
  3 wyverns
  A wraith (D:11)
  Eustachio (D:6)
  2 steam dragons
  A redback (shapeshifter) (D:8)
  2 vampire mosquitoes (D:10)
  Edmund (D:5)
  An acid dragon (D:8)
  2 water moccasins
  2 ice beasts
  5 orc warriors
  A black bear (D:5)
  4 sky beasts (D:8)
  12 centaurs
  3 lemures (D:9)
  3 phantoms
  3 kobold brigands
  7 bullfrogs
  3 scorpions (D:4)
  3 wights (D:6)
  14 killer bees
  8 howler monkeys
  2 jellies (D:6)
  5 hounds
  A gnoll bouda (D:4)
  5 orc priests
  3 sleepcaps
  Crazy Yiuf (D:6)
  An iguana (D:6)
  12 orc wizards
  6 gnolls
  6 adders
  3 white imps
  An ufetubus (D:6)
  4 worms
  5 dart slugs
  36 orcs
  7 ball pythons
  14 endoplasms
  5 giant cockroaches
  8 goblins
  12 hobgoblins
  5 quokkas
  5 bats
  2 frilled lizards
  18 kobolds
  4 rats
280 creatures vanquished.

Vanquished Creatures (others)
  A sky beast (D:8)
  A fungus (D:6)
  2 plants (D:2)
  9 toadstools (D:6)
13 creatures vanquished.

Grand Total: 293 creatures vanquished

Notes
Turn   | Place    | Note
-------+----------+-------------------------------------------
     0 | D:1      | qeuew the Minotaur Fighter began the quest for the Orb.
     0 | D:1      | Reached XP level 1. HP: 19/19 MP: 0/0
   241 | D:1      | Reached XP level 2. HP: 19/27 MP: 1/1
   418 | D:1      | Reached skill level 3 in Axes
   543 | D:1      | Reached skill level 1 in Dodging
   723 | D:1      | Reached XP level 3. HP: 33/33 MP: 2/2
  1219 | D:1      | Gained mutation: You are vulnerable to cold. (rC-) [potion
                  | of mutation]
  1219 | D:1      | Gained mutation: You have hidden genetic defects. [potion
                  | of mutation]
  1219 | D:1      | Lost mutation: You have hidden genetic defects. [potion of
                  | mutation]
  1220 | D:1      | Lost mutation: You are vulnerable to cold. (rC-) [potion of
                  | mutation]
  1220 | D:1      | Gained mutation: Your flesh is heat resistant. (rF+)
                  | [potion of mutation]
  1220 | D:1      | Gained mutation: You are vulnerable to cold. (rC-) [potion
                  | of mutation]
  1430 | D:2      | Reached XP level 4. HP: 40/40 MP: 3/3
  1557 | D:2      | Reached skill level 4 in Axes
  1740 | D:2      | Identified the +0 leather armour of Gestures {Harm}
  1870 | D:2      | Found a faded altar of an unknown god.
  2241 | D:3      | Noticed Grinder
  2256 | D:3      | Paralysed by Grinder for 5 turns
  2257 | D:3      | Reached XP level 5. HP: 30/47 MP: 4/4
  2264 | D:3      | Killed Grinder
  2265 | D:3      | Reached skill level 5 in Axes
  2265 | D:3      | Reached XP level 6. HP: 15/55 MP: 5/5
  2478 | D:3      | Found Akicvul's Book Shoppe.
  2513 | D:3      | Found Yckiv's Weapon Shoppe.
  2685 | D:3      | Reached skill level 5 in Shields
  2771 | D:3      | Reached skill level 5 in Fighting
  2916 | D:3      | Reached skill level 5 in Armour
  3115 | D:4      | Reached XP level 7. HP: 61/61 MP: 6/6
  3151 | D:4      | Found a shimmering altar of Xom.
  3184 | D:3      | Reached skill level 6 in Axes
  3216 | D:4      | Lost mutation: Your flesh is heat resistant. (rF+) [potion
                  | of mutation]
  3216 | D:4      | Lost mutation: You are vulnerable to cold. (rC-) [potion of
                  | mutation]
  3216 | D:4      | Gained mutation: You have a pair of large horns on your
                  | head. [potion of mutation]
  3216 | D:4      | Lost mutation: You have a pair of large horns on your head.
                  | [potion of mutation]
  3746 | D:5      | Entered Level 5 of the Dungeon
  3820 | D:5      | Reached skill level 7 in Axes
  3820 | D:5      | Reached XP level 8. HP: 70/70 MP: 7/7
  3912 | D:5      | Found a staircase to the Ecumenical Temple.
  3929 | Temple   | Entered the Ecumenical Temple
  3929 | Temple   | Found a transporter.
  3929 | Temple   | Found a transporter.
  3931 | Temple   | Found a transporter.
  3931 | Temple   | Found a transporter.
  3949 | Temple   | Became a worshipper of Gozag Ym Sagoz the Greedy
  3991 | D:5      | Noticed Edmund
  4004 | D:5      | Killed Edmund
  4253 | D:5      | Found Meoseg's Jewellery Shoppe.
  4519 | D:6      | Reached skill level 8 in Axes
  4623 | D:6      | Noticed Eustachio
  4631 | D:6      | Killed Eustachio
  4702 | D:6      | Found a sacrificial altar of Ru.
  4738 | D:6      | Reached skill level 5 in Dodging
  4771 | D:6      | Found a white marble altar of Elyvilon.
  4839 | D:6      | Reached XP level 9. HP: 69/78 MP: 8/8
  4865 | D:6      | Noticed Maggie
  4879 | D:6      | Killed Maggie
  4880 | D:6      | Reached skill level 9 in Axes
  4991 | D:6      | Found a runed translucent door.
  4992 | D:6      | Noticed Crazy Yiuf
  5496 | D:6      | Noticed a two-headed ogre
  5503 | D:6      | Killed a two-headed ogre
  5504 | D:6      | Reached skill level 10 in Axes
  5689 | D:6      | Killed Crazy Yiuf
  5731 | D:7      | Reached XP level 10. HP: 56/88 MP: 9/9
  6075 | D:7      | Found a hazy altar of Hepliaklqana.
  6463 | D:8      | Reached skill level 11 in Axes
  6523 | D:8      | Noticed a two-headed ogre
  6531 | D:8      | Killed a two-headed ogre
  6917 | D:8      | Found a runed translucent door.
  6918 | D:8      | Found a runed translucent door.
  6918 | D:8      | Noticed an eight-headed hydra
  6922 | D:8      | Noticed a two-headed ogre
  6927 | D:8      | Noticed a manticore
  6929 | D:8      | Noticed a centaur warrior
  6930 | D:8      | Identified the +2 mace of Turmoil {antimagic, *Corrode rN+
                  | Str+9 Dex-4}
  6930 | D:8      | Noticed a deep elf pyromancer
  6935 | D:8      | Killed a two-headed ogre
  6936 | D:8      | Reached skill level 12 in Axes
  6936 | D:8      | Reached XP level 11. HP: 57/97 MP: 10/10
  7285 | D:8      | Killed a centaur warrior
  7300 | D:8      | Killed a deep elf pyromancer
  7599 | D:9      | Noticed Pikel
  7611 | D:9      | Killed Pikel
  7612 | D:9      | Reached skill level 1 in Evocations
  7698 | D:9      | Found a runed translucent door.
  7702 | D:9      | Found the +10 tower shield of Ignorance {rN+ Int-4}
  7708 | D:9      | Found a runed translucent door.
  8080 | D:9      | Paralysed by a hornet for 3 turns
  8086 | D:9      | Reached skill level 13 in Axes
  8411 | D:9      | Noticed an orange crystal statue
  8417 | D:9      | Noticed an orange crystal statue
  8417 | D:9      | Noticed an orange crystal statue
  8417 | D:9      | Noticed an orange crystal statue
  8461 | D:9      | Lost intelligence.
  8496 | D:10     | Entered Level 10 of the Dungeon
  8570 | D:10     | Found a glowing golden altar of the Shining One.
  8599 | D:10     | Reached skill level 10 in Armour
  8629 | D:10     | Noticed a two-headed ogre
  8633 | D:10     | Killed a two-headed ogre
  8709 | D:10     | Noticed a cyan ugly thing
  8717 | D:10     | Killed a cyan ugly thing
  9076 | D:11     | Noticed a two-headed ogre
  9134 | D:11     | Paralysed by a hornet for 2 turns
  9140 | D:11     | Reached skill level 10 in Fighting
  9154 | D:11     | Noticed a fire crab
  9222 | D:11     | Reached skill level 10 in Shields
  9254 | D:11     | Found a staircase to the Lair.
  9277 | D:11     | Killed a two-headed ogre
  9347 | D:11     | Found a staircase to the Orcish Mines.
  9373 | D:11     | Reached XP level 12. HP: 106/106 MP: 11/11
  9384 | D:11     | HP: 4/106 [fire crab] (26)]
  9386 | D:11     | Engulfed by a fire crab's flame

Illustrated notes

Levels and vault maps discovered:
D:1:      lemuel_arrival_room, layout_basic
D:2:      layout_basic, shapermc_ecumenical_altar_mp_ritualfount
D:3:      layout_loops_corners, serial_shops, shop_fountains,
          nicolae_shop_trees, minmay_box_of_dots, uniq_grinder
D:4:      layout_rooms, xom_confusion_cloud, st_stairs_9,
          chequers_serial_rivers_micro_a
D:5:      layout_loops_cross, minmay_temple_entry_sparse_star, serial_shops,
          kennysheep_little_box, uniq_edmund
D:6:      cheibrodos_fertilizer, layout_basic, nicolae_ru_sacrificial_ziggurat,
          lemuel_coloured_pillars_altar, nicolae_benzene_ring,
          nrook_loot_triangle, st_stairs_7, minmay_three_doors, uniq_eustachio,
          uniq_maggie, uniq_crazy_yiuf_cottage
D:7:      layout_rooms, nzn_hepliaklqana_mist_gate, hangedman_decor_lopped
D:8:      minmay_the_grid_triangle_9x9_rhombus_full
          [minmay_the_grid_triangle_9x9_stretched_checkered,
          minmay_the_grid_triangle_9x9_skeleton,
          minmay_the_grid_triangle_9x9_steps,
          minmay_the_grid_triangle_9x9_longest,
          minmay_the_grid_triangle_9x9_pentomino_pain,
          minmay_the_grid_triangle_9x9_tough_junction,
          minmay_the_grid_triangle_9x9_impossible_snake,
          minmay_the_grid_triangle_9x9_prize_center], layout_cave_pools,
          serial_park, serial_park_square3 [serial_park_minivault_5x5_6],
          serial_park_tiny_pond, serial_park_tiny_1, serial_park_square1
          [serial_park_minivault_5x5_8]
D:9:      layout_irregular_city, minmay_holes, kennysheep_nondescript,
          chequers_jeans, chequers_guarded_unrand_ignorance, uniq_pikel
D:10:     layout_loops_cross, mainiacjoe_overflow_alcove_1
D:11:     layout_loops_ring, minmay_lair_entry_lava, orc_0_dummy, serial_shops,
          shop, onia_ninara_dug_in_and_dangerous
Temple:   hellmonk_temple_divided_pantheon

Skill      XL: |  1  2  3  4  5  6  7  8  9 10 11 |
---------------+----------------------------------+-----
Axes           | 3 4 5 7 8 10 12 13 | 13.5
Dodging        | 1 2 3 5 6 7 8 |  8.5
Fighting       | 4 5 6 7 9 10 | 10.1
Shields        | 4 5 6 7 9 10 | 10.1
Armour         | 4 5 6 7 9 10 | 10.7
Evocations     | 2 |  2.4

Action                     |  1- 3 |  4- 6 |  7- 9 | 10-12 || total
---------------------------+-------+-------+-------+-------++-------
  Melee: War axe           |    70 |    85 |   212 |   365 ||   732
         Headbutt          |     5 |    13 |    32 |    66 ||   116
    Use: Scroll            |     5 |     3 |     7 |     5 ||    20
         Potion            |     4 |     2 |     2 |     3 ||    11
   Stab: Distracted        |       |       |       |     5 ||     5
 Armour: Scale mail        |    33 |    39 |    76 |    99 ||   247
         Chain mail        |       |       |       |    92 ||    92
  Dodge: Dodged            |    39 |    30 |   101 |   176 ||   346
  Block: Buckler           |     8 |    14 |    46 |    66 ||   134
         Tower shield      |       |       |       |   206 ||   206

Table legend: (Time is in decaauts)
 A = Elapsed time spent in this place.
 B = Non-inter-level travel time spent in this place.
 C = Inter-level travel time spent in this place.
 D = Time resting spent in this place.
 E = Time spent auto-exploring this place.
 F = Levels seen in this place.
 G = Mean time per level.
                   A        B        C        D        E       F      G
               +--------+--------+--------+--------+--------+-----+--------+
         Total |   9950 |   9545 |    405 |     20 |   7706 |  12 |  829.2 |
       Dungeon |   9909 |   9504 |    405 |     20 |   7705 |  11 |  900.8 |
        Temple |     40 |     40 |      0 |      0 |      1 |   1 |   40.0 |
               +--------+--------+--------+--------+--------+-----+--------+

Top non-repeatable levels by time:
     D:1: 1286 daAuts
     D:6: 1274 daAuts
     D:8: 1229 daAuts
     D:2: 979 daAuts
     D:9: 959 daAuts
     D:3: 924 daAuts
    D:10: 815 daAuts
     D:5: 690 daAuts
     D:4: 622 daAuts
     D:7: 589 daAuts
    D:11: 538 daAuts
  Temple: 40 daAuts
